[Event "*** Titled Tuesday Blitz"]
[Site "Chess.com"]
[Date "2021.02.16"]
[Round "6"]
[White "DarZay"]
[Black "Euge_chess"]
[Result "1-0"]
[WhiteElo "2158"]
[BlackElo "2093"]
[TimeControl "180+1"]
[EndTime "11:08:33 PST"]
[Termination "DarZay won on time"]

1. e4 e5 2. Nf3 Nc6 3. Bc4 Nf6 4. d3 d5 5. exd5 Nxd5 6. O-O Bg4 7. Nbd2 Be7 8. h3 Bh5 9. Ne4 O-O 10. Ng3 Bg6 11.
Qe2 Bf6 12. Nh2 Nd4 13. Qd1 b5 14. Bxd5 Qxd5 15. c3 Ne6 16. Ng4 Qxd3 17. Nxf6+ gxf6 18. Qg4 f5 19. Qh4 Qd8 20. Qb4 a6 21. Bh6 Ng7 22. Rad1 Qf6 23. Rd7 f4 24. Ne4 Qc6 25. Nc5 a5 26. Qa3 Bf5 27. Bxg7 Kxg7 28. Re7 Qd6 29. Nb7 Qxa3 30. bxa3 c6 31. Rxe5 Bg6 32. Nc5 Rfd8 33. Rfe1 Rd2 34. R1e2 Rd1+ 35. Kh2 Rc1 36. Re7 Rxc3 37.
Ne6+ Kf6 38. Nxf4 1-0

[Event "*** Titled Tuesday Blitz"]
[Site "Chess.com"]
[Date "2021.02.16"]
[Round "6"]
[White "goldihouse"]
[Black "VladimirBugayev"]
[Result "1-0"]
[WhiteElo "2552"]
[BlackElo "2314"]
[TimeControl "180+1"]
[EndTime "11:08:35 PST"]
[Termination "goldihouse won on time"]

1. c4 c5 2. g3 g6 3. Bg2 Nc6 4. Nc3 Bg7 5. a3 d6 6. Rb1 a5 7. d3 e5 8. e3 Nge7 9. Nge2 O-O 10. O-O Rb8 11. Bd2 Be6 12. Qb3 Bf5 13. Qc2 Be6 14. e4 Qd7 15. Nd5 b6 16. Rfe1 b5 17. b3 b4 18. axb4 Nxb4 19. Bxb4 axb4 20. Ra1 Nc6 21. Ra6 f5 22. Rxc6 Bxd5 23. exd5 f4 24. f3 fxg3 25. hxg3 e4 26. dxe4 Ra8 27. f4 Ra3 28. Kh2 g5 29. Qd3 Rfa8 30. e5 dxe5 31. fxg5 Qg4 32.
Qf3 Qxg5 33. d6 Ra2 34. Rc7 Rf8 35. Qd5+ Kh8 36. d7 Qh5+ 37. Kg1 Qg5 38. Qe4 Qd2 39. Rf1 Qxe2 40. Qxe2 Rxe2 41. Rc8 1-0

[Event "*** Titled Tuesday Blitz"]
[Site "Chess.com"]
[Date "2021.02.16"]
[Round "6"]
[White "Sergey85Rodchenkov"]
[Black "Faqade"]
[Result "0-1"]
[WhiteElo "2489"]
[BlackElo "2677"]
[TimeControl "180+1"]
[EndTime "11:08:37 PST"]
[Termination "Faqade won on time"]

1. e4 c5 2. Nf3 Nc6 3. d4 cxd4 4. Nxd4 e6 5. Nc3 Qc7 6. g3 a6 7. Bg2 d6 8. O-O Bd7 9. Re1 Be7 10. a4 Nf6 11.
Nxc6 Bxc6 12. Bf4 Nd7 13. Nd5 Bxd5 14. exd5 e5 15. Be3 O-O 16. b3 f5 17. f4 Bf6 18.
Rb1 Qc3 19. fxe5 Nxe5 20. Bd4 Nf3+ 21. Bxf3 Bxd4+ 22. Kg2 Rfe8 23. Re6 Be5 24. Be2 Rec8 25. Bd3 g6 26. Qf3 Qd2+ 27. Kh1 Rxc2 28. Bxc2 Qxc2 29. Rf1 Rc8 30. Re7 Qd2 31. Rd1 Qb4 32. Qe3 Rc3 33.
Rd3 Rc2 34. Rd1 Rc3 35. Rd3 Rc2 36. Rd1 Qg4 37. Rc1 Rxc1+ 38. Qxc1 Qf3+ 39. Kg1 Bd4+ 0-1

[Event "*** Titled Tuesday Blitz"]
[Site "Chess.com"]
[Date "2021.02.16"]
[Round "6"]
[White "atalz0"]
[Black "KNCP_719"]
[Result "1-0"]
[WhiteElo "2421"]
[BlackElo "2587"]
[TimeControl "180+1"]
[EndTime "11:08:37 PST"]
[Termination "atalz0 won on time"]

1. d4 d5 2. c4 c6 3. e3 Nf6 4.
Nc3 e6 5. b3 Bb4 6. Bb2 Ne4 7.
Ne2 Qh4 8. g3 Qf6 9. f4 Nd7 10.
Bg2 h5 11. O-O Nxc3 12. Bxc3 Bd6 13. e4 dxe4 14. d5 Bc5+ 15. Kh1 Qg6 16. b4 Be7 17. d6 Bf6 18. Qc2 Bxc3 19. Nxc3 f5 20. Nxe4 fxe4 21. Bxe4 Qf6 22. Bg6+ Kf8 23. f5 e5 24. c5 h4 25. g4 a5 26. a3 Rh6 27. Rae1 axb4 28.
axb4 Ra3 29. Qd2 Kg8 30. g5 Qd8 31. gxh6 h3 32. h7+ Kh8 33. f6 Nxf6 34. Rxe5 Bg4 35. Rxf6 gxf6 36. Re1 Kg7 37. Bb1 Bf3+ 38. Kg1 Qf8 39.
Qf2 Bd5 40. Qh4 Kh8 41. Re7 1-0

[Event "*** Titled Tuesday Blitz"]
[Site "Chess.com"]
[Date "2021.02.16"]
[Round "6"]
[White "Pogosian_Manvel"]
[Black "TimKett"]
[Result "0-1"]
[WhiteElo "2396"]
[BlackElo "2231"]
[TimeControl "180+1"]
[EndTime "11:08:37 PST"]
[Termination "TimKett won by resignation"]

1. d4 d5 2. c4 e6 3. Nc3 Nf6 4. Bg5 Be7 5. e3 h6 6. Bh4 O-O 7. Nf3 b6 8. Bd3 Bb7 9. O-O Nbd7 10. Qe2 c5 11. Rfd1 Ne4 12. Bxe7 Qxe7 13. cxd5 exd5 14. dxc5 Ndxc5 15. Rac1 Rac8 16. Nd4 Rfe8 17. Bb5 Red8 18. Qg4 a6 19. Bf1 Re8 20. b4 Nxf2 21. Qxg7+ Kxg7 22.
Nf5+ Kf8 23. Nxe7 Nxd1 24. Nxc8 Nxc3 25. bxc5 Nxa2 26. Ra1 Rxc8 27. Rxa2 bxc5 28. Bd3 c4 29. Bf5 Rc7 30. Kf2 Ke7 31. Ke2 Kf6 32. Bb1 Ke5 33. Kd2 Rc5 34. Rb2 Rb5 35. Rxb5 axb5 36. Kc3 f5 37. g3 h5 38. Bc2 Bc6 39. Bd1 Ke4 40. Kd2 b4 41. Bxh5 c3+ 42. Kc2 Ba4+ 43. Kc1 Kxe3 44.
Bg6 d4 45. Bxf5 d3 46. Bg4 d2+ 47. Kb1 d1=Q+ 48. Bxd1 Bxd1 49. h4 b3 50. Kc1 Bg4 0-1

[Event "*** Titled Tuesday Blitz"]
[Site "Chess.com"]
[Date "2021.02.16"]
[Round "6"]
[White "Balla_Tamas"]
[Black "ybruned"]
[Result "1-0"]
[WhiteElo "2453"]
[BlackElo "2306"]
[TimeControl "180+1"]
[EndTime "11:08:41 PST"]
[Termination "Balla_Tamas won on time"]

1. b3 b6 2. Bb2 Bb7 3. f4 e6 4. Nf3 f5 5. e3 Nf6 6. g3 Be7 7. Bg2 O-O 8. O-O c5 9. d3 h6 10. Qe2 d5 11. Nbd2 Nbd7 12. Rae1 Re8 13. c4 Bd6 14.
Ne5 Qc7 15. Ndf3 Rad8 16. h3 Nh5 17. Kh2 Nhf6 18. Qc2 Bxe5 19. Nxe5 Nxe5 20. Bxe5 Qf7 21. Rg1 dxc4 22. bxc4 Bxg2 23. Rxg2 Nd7 24. Bc3 e5 25. Rd2 Re6 26. Rf1 Rde8 27. Bb2 exf4 28. exf4 Nf6 29.
Be5 Qh5 30. Kg2 Nd7 31. Bc3 Re2+ 32. Rf2 Rxf2+ 33. Rxf2 Qf7 34. Re2 Rxe2+ 35. Qxe2 Kh7 36. Qf3 a5 37. Qb7 Qe6 38. Qf3 Qe7 39. Kf2 Qe6 40. Qe3 Qxe3+ 41. Kxe3 Kg6 42. g4 h5 43. g5 Kf7 44. d4 g6 45. d5 Ke7 46. Be5 1-0

[Event "*** Titled Tuesday Blitz"]
[Site "Chess.com"]
[Date "2021.02.16"]
[Round "6"]
[White "MerryPoppies"]
[Black "Klavdia_Nik"]
[Result "0-1"]
[WhiteElo "2163"]
[BlackElo "2049"]
[TimeControl "180+1"]
[EndTime "11:08:41 PST"]
[Termination "Klavdia_Nik won by checkmate"]

1. d4 Nf6 2. c4 c5 3. Nf3 g6 4. e3 Bg7 5. Nc3 O-O 6. Be2 b6 7. O-O Bb7 8. d5 d6 9. Re1 a6 10. a4 Nbd7 11. e4 Ne8 12. Bg5 h6 13. Bf4 Nc7 14. Qd2 Kh7 15. e5 dxe5 16. Bg3 f5 17. h4 e4 18. Nh2 h5 19. Bxh5 gxh5 20.
Qg5 Bh6 21. Qxh5 Qe8 22. Qe2 Rc8 23. h5 Nf6 24. d6 Ne6 25. Be5 Nd4 26. Bxd4 cxd4 27. dxe7 Qxe7 28. Nd5 Nxd5 29. cxd5 Qg5 30. d6 Bd5 31. Rad1 d3 32. Qe3 Qxe3 33. fxe3 Rc6 34.
d7 Rd6 35. Rc1 Rxd7 36. Nf1 f4 37.
exf4 Bxf4 38. Ne3 Bxe3+ 39. Rxe3 Rff7 40. Rce1 Rc7 41. Kh2 Rc3 42. Rg3 Rc2 43. Rg5 Bb7 44.
Re3 Rg7 45. Rf5 Rcxg2+ 46. Kh3 Rg1 47. Rf2 d2 48. Rxd2 Bc8+ 49. Kh2 R1g4 50. Rf2 Rh4+ 51. Rh3 Rxh3# 0-1

[Event "*** Titled Tuesday Blitz"]
[Site "Chess.com"]
[Date "2021.02.16"]
[Round "6"]
[White "PavelShkapenko"]
[Black "Genghis_K"]
[Result "0-1"]
[WhiteElo "2701"]
[BlackElo "2908"]
[TimeControl "180+1"]
[EndTime "11:08:42 PST"]
[Termination "Genghis_K won by resignation"]

1. e4 c5 2. c3 Nf6 3. e5 Nd5 4. d4 cxd4 5. cxd4 d6 6. Nf3 Nc6 7. Bc4 dxe5 8. Nxe5 e6 9. O-O Be7 10. Nf3 O-O 11. Nc3 Nxc3 12. bxc3 b6 13. Qe2 Bb7 14.
Bd3 Qd5 15. Rb1 Na5 16. Rb5 Qd6 17. Rh5 g6 18. Rh3 Bf6 19. Qe3 Bg7 20. Qg5 Qd8 21. Qg4 Rc8 22. Bg5 Qd5 23. Qh4 h5 24. Bd2 Nc4 25.
Bc1 e5 26. Rg3 e4 27. Rg5 Qd8 28. Bxe4 Bxe4 29. Qxe4 Re8 30. Qd3 Bf6 31. Rg3 Qd5 32. Bh6 Qe4 33. Qd1 Nd6 34. Bg5 Bg7 35. Ne5 Nf5 36.
Re1 Qd5 37. Rf3 f6 38. Nxg6 fxg5 39. Rxf5 Qxf5 40. Ne7+ Rxe7 41. Rxe7 Rxc3 42. h3 Qf4 43. Re8+ Bf8 44. Re1 Qf7 45. d5 Rc7 46. Re6 Qf4 47. Re1 Bc5 48. Qe2 Re7 49. Qf1 Qxf2+ 0-1

[Event "*** Titled Tuesday Blitz"]
[Site "Chess.com"]
[Date "2021.02.16"]
[Round "6"]
[White "davigator"]
[Black "KruHor"]
[Result "1-0"]
[WhiteElo "2374"]
[BlackElo "2516"]
[TimeControl "180+1"]
[EndTime "11:08:42 PST"]
[Termination "davigator won by resignation"]

1. e4 c5 2. Nf3 e6 3. d4 cxd4 4. Nxd4 a6 5. Bd3 b5 6. O-O Bb7 7. Qe2 Nc6 8. Nxc6 Bxc6 9. Bf4 Ne7 10. c4 Ng6 11. Bg3 h5 12. h3 b4 13. Nd2 Bc5 14. Nb3 Ba7 15. Bd6 Qg5 16. c5 Bb8 17. Nd4 Bxd6 18.
cxd6 Qc5 19. Nxc6 Qxc6 20. e5 Nf4 21. Qe4 Qxe4 22. Bxe4 Rc8 23. Kh2 f6 24. g3 Ne2 25.
f4 h4 26. g4 fxe5 27. fxe5 Rc5 28. Bg6+ Kd8 29. Rae1 Nd4 30. Rf4 Nc6 31. Rfe4 Rf8 32.
Kg2 Rc2+ 33. R1e2 Rc1 34. Re1 Rc2+ 35. R4e2 Rc5 36. Bd3 a5 37. a3 Rf4 38. a4 Kc8 39. Bb5 Nd4 40. Rf2 Rxf2+ 41. Kxf2 Nxb5 42. axb5 Kb7 43.
g5 Kb6 44. Kf3 a4 45. Kg4 Rxb5 46. Kxh4 a3 47. bxa3 bxa3 48. Kh5 a2 49. Ra1 Ra5 50. Kg6 Kc5 51. Kxg7 Kd5 52. Kf6 Kc4 53. g6 Kb3 54. h4 Kb2 55. Rxa2+ Kxa2 56. h5 Kb3 57. h6 Kc4 58. h7 Ra8 59. g7 1-0

[Event "*** Titled Tuesday Blitz"]
[Site "Chess.com"]
[Date "2021.02.16"]
[Round "6"]
[White "Chessbard1972"]
[Black "esteban062000"]
[Result "0-1"]
[WhiteElo "2336"]
[BlackElo "2163"]
[TimeControl "180+1"]
[EndTime "11:08:42 PST"]
[Termination "esteban062000 won on time"]

1. d4 Nf6 2. Nf3 e6 3. c4 Bb4+ 4. Nbd2 O-O 5. a3 Bxd2+ 6. Bxd2 b6 7. Bf4 Bb7 8. h3 d6 9. e3 Nbd7 10. Be2 Re8 11. Bh2 e5 12. O-O exd4 13. Nxd4 Nc5 14. Bf3 Bxf3 15. Qxf3 Qd7 16. Rad1 Rad8 17. Nc6 Ra8 18.
Nd4 Ne6 19. Nf5 Ng5 20. Nh6+ Kh8 21. Qf4 Ne6 22. Qh4 Nc5 23. Rd4 Re4 24. Rxe4 Ncxe4 25. f3 Nd2 26. Rd1 Nb3 27. e4 Re8 28. e5 Ng8 29. Ng4 Qc6 30. exd6 cxd6 31. Nf2 Ne7 32. Qf4 Ng6 33. Qxd6 Qxc4 34. Qd7 Rf8 35. Bd6 Rg8 36.
Ne4 f5 37. Ng5 h6 38. Nf7+ Kh7 39. Bg3 Nc5 40. Qc7 Qb3 41. Re1 f4 42. Bf2 Nd3 43. Rf1 Nxf2 44. Rxf2 Qd1+ 45. Rf1 Qd3 46. Ne5 Qe3+ 0-1

[Event "*** Titled Tuesday Blitz"]
[Site "Chess.com"]
[Date "2021.02.16"]
[Round "6"]
[White "vladgoncharov"]
[Black "LenkaPtacnikova"]
[Result "1-0"]
[WhiteElo "2465"]
[BlackElo "2105"]
[TimeControl "180+1"]
[EndTime "11:08:42 PST"]
[Termination "vladgoncharov won on time"]

1. d4 Nf6 2. c4 e6 3. Nf3 Bb4+ 4. Nbd2 d5 5. a3 Bd6 6. Qc2 c6 7. e4 dxe4 8. Nxe4 Nxe4 9. Qxe4 Nd7 10. Bd3 Nf6 11. Qe2 O-O 12. O-O Re8 13. Bg5 h6 14. Bh4 b6 15. Rad1 Bb7 16. Ne5 Rc8 17. b4 a5 18. c5 Be7 19. Nc4 bxc5 20. Nxa5 Qc7 21. dxc5 Nd5 22. Bxe7 Rxe7 23. Qe4 f5 24. Qf3 Rf8 25.
Bc4 Kh8 26. Rfe1 Rfe8 27. Qg3 e5 28. h3 Nf4 29. Rd6 Ba8 30. Red1 Nd5 31. Qg6 Nc3 32. Re1 Nb5 33. Bxb5 cxb5 34. Qxf5 Rf7 35. Qg4 Qe7 36. Qg3 Qf8 37. Nb3 Rf4 38. Nd2 Re7 39. Nf1 Ref7 40.
Rd2 R7f6 41. Ne3 Kh7 42. Ng4 R6f5 43. Rxe5 1-0

[Event "*** Titled Tuesday Blitz"]
[Site "Chess.com"]
[Date "2021.02.16"]
[Round "6"]
[White "DenLaz"]
[Black "Nozdrachev_Leonid"]
[Result "1-0"]
[WhiteElo "2796"]
[BlackElo "2534"]
[TimeControl "180+1"]
[EndTime "11:08:44 PST"]
[Termination "DenLaz won by checkmate"]

1. d4 d6 2. c4 Nf6 3. Nf3 g6 4. g3 Bg7 5. Nc3 Nc6 6. Bg2 O-O 7. O-O Bf5 8. d5 Na5 9. Nd2 c6 10. b4 Nxd5 11. cxd5 Bxc3 12. e4 Bxa1 13. exf5 cxd5 14. bxa5 Bg7 15. fxg6 hxg6 16. a6 e6 17. axb7 Rb8 18. h4 Rxb7 19. h5 gxh5 20. Qxh5 Qf6 21. Nf3 Qg6 22.
Qxg6 fxg6 23. Ng5 Re8 24. Re1 Rb1 25. Bxd5 Rxc1 26. Bxe6+ Rxe6 27. Rxc1 Re2 28. Rc8+ Bf8 29. Ra8 d5 30. Rxa7 Bc5 31. Ra8+ Kg7 32. Nh3 Kf6 33. Kf1 Rc2 34. a4 Kf5 35. Rd8 d4 36. a5 Ke4 37.
Ng5+ Kf5 38. Nf3 Ke4 39. Ng5+ Kf5 40. Rd5+ Kg4 41. Kg2 d3 42. Ne4 Be3 43. Rxd3 Ba7 44. Rd5 Be3 45. Nf6# 1-0

[Event "*** Titled Tuesday Blitz"]
[Site "Chess.com"]
[Date "2021.02.16"]
[Round "6"]
[White "Bacyanide"]
[Black "remi04"]
[Result "0-1"]
[WhiteElo "2426"]
[BlackElo "2609"]
[TimeControl "180+1"]
[EndTime "11:08:44 PST"]
[Termination "remi04 won by resignation"]

1. d4 Nf6 2. c4 e6 3. Nc3 d5 4. Nf3 c6 5. g3 dxc4 6. Bg2 b5 7. O-O Bd6 8. e4 Bb4 9. e5 Nd5 10. Ne4 h6 11. b3 O-O 12. bxc4 bxc4 13. Qc2 Ba6 14. Rd1 Nd7 15. Bd2 Be7 16. Bf1 N7b6 17. Ba5 Qc8 18. Nc5 Bxc5 19. dxc5 Nd7 20. Bxc4 Nxc5 21.
Rac1 Nd7 22. Qe4 Bxc4 23. Qxc4 c5 24. Bc3 Qc6 25. Ba1 Rab8 26. Nd2 Rb4 27. Qe2 Rfb8 28. Nc4 Qa4 29. Nd6 Qa3 30. Qh5 Rf8 31. Rc2 Qa4 32. Rcd2 c4 33. Rxd5 exd5 34. Nxf7 Rxf7 35. e6 Re7 36. exd7 Qxd7 37. Rxd5 Rb1+ 38. Kg2 Qb7 39. Qf3 Rxa1 40. Rd8+ Kh7 41. Rd5 Rae1 42. Qf5+ g6 43. Qf3 R1e5 44. Rxe5 Qxf3+ 45. Kxf3 Rxe5 46. Kf4 Re1 47. h4 c3 48. Kf3 c2 0-1

[Event "*** Titled Tuesday Blitz"]
[Site "Chess.com"]
[Date "2021.02.16"]
[Round "6"]
[White "muchojogo"]
[Black "AttilaTurzo"]
[Result "0-1"]
[WhiteElo "2334"]
[BlackElo "2488"]
[TimeControl "180+1"]
[EndTime "11:08:44 PST"]
[Termination "AttilaTurzo won by resignation"]

1. e4 c5 2. Nf3 Nc6 3. d4 cxd4 4. Nxd4 Nf6 5. Nc3 d6 6. Bg5 e6 7. Qd2 a6 8. O-O-O Bd7 9. f4 b5 10. Bxf6 gxf6 11. Kb1 Qb6 12. Nxc6 Bxc6 13. f5 Qc5 14. Bd3 h5 15. fxe6 fxe6 16. Rhf1 Bh6 17. Qe1 Qe5 18. Ne2 O-O-O 19. g3 d5 20. exd5 Bxd5 21.
Qa5 Kb7 22. Rde1 Qc7 23. Qxc7+ Kxc7 24. Rxf6 h4 25. gxh4 Rdf8 26. Ref1 Rxf6 27. Rxf6 Be3 28. Rf7+ Kd6 29. Rh7 Rf8 30. Nc3 Bc6 31. a3 Bg1 32. Be4 Bxh2 33. Bxc6 Kxc6 34. h5 Be5 35. Ne4 Rh8 36. Ra7 Rxh5 37. Rxa6+ Kd5 38. Nd2 Bd4 39. Nb3 Be3 40. a4 Rh1+ 41. Ka2 bxa4 42. Rxa4 e5 43. c4+ Ke4 44. c5+ Kd3 45. c6 Rh6 46. Ra6 e4 47. Na5 Rh7 48. Rb6 Bxb6 0-1

[Event "*** Titled Tuesday Blitz"]
[Site "Chess.com"]
[Date "2021.02.16"]
[Round "6"]
[White "Grimlock_Glasgow"]
[Black "zmeeed67"]
[Result "0-1"]
[WhiteElo "2441"]
[BlackElo "2324"]
[TimeControl "180+1"]
[EndTime "11:08:45 PST"]
[Termination "zmeeed67 won on time"]

1. e4 Nc6 2. Nf3 d6 3. d4 Nf6 4. Nc3 Bg4 5. Be3 a6 6. Qd2 e5 7. d5 Ne7 8. O-O-O Ng6 9. Be2 Be7 10. h4 h6 11. Ne1 Bd7 12. h5 Nf8 13. Nd3 N8h7 14. f4 exf4 15. Bxf4 O-O 16. e5 dxe5 17. Nxe5 Bd6 18. Bd3 Re8 19. Rde1 Nf8 20. Rhf1 Bxe5 21. Bxe5 Nxh5 22. d6 cxd6 23. Bxg7 Nxg7 24. Qxh6 Rxe1+ 25. Rxe1 Nfe6 26. Ne4 d5 27. Nf6+ Kf8 28. Qh8+ Ke7 29.
Nxd5+ Kd6 30. Qh2+ Kxd5 31. Qe5+ Kc6 32. Be4+ Kb6 33.
Re3 Nc5 34. Bxb7 Kxb7 35. Qxc5 Qc7 36. Rb3+ Kc8 37. Qf8+ Ne8 38. Rc3 Bc6 39. Qh6 Rb8 0-1

[Event "*** Titled Tuesday Blitz"]
[Site "Chess.com"]
[Date "2021.02.16"]
[Round "6"]
[White "Ekose"]
[Black "bsnsun"]
[Result "0-1"]
[WhiteElo "2606"]
[BlackElo "2452"]
[TimeControl "180+1"]
[EndTime "11:08:46 PST"]
[Termination "bsnsun won by resignation"]

1. Nf3 d5 2. e3 c6 3. c4 Nf6 4. b3 Bg4 5. Bb2 e6 6. Be2 Nbd7 7. O-O Bd6 8. h3 Bh5 9. Nc3 O-O 10. cxd5 exd5 11. Nd4 Bg6 12. f4 h6 13. a3 Qe7 14. b4 a6 15. Bg4 Bd3 16. Nf5 Bxf5 17. Bxf5 Rfe8 18. Rc1 Nb6 19. Bd3 Nc4 20. Bxc4 dxc4 21.
Qe2 b5 22. Qf3 c5 23. Rce1 cxb4 24. axb4 Bxb4 25. e4 Bxc3 26. Qxc3 b4 27. Qxc4 Nxe4 28. Qd4 Qa7 29. Qxa7 Rxa7 30. d3 Nd6 31. Rxe8+ Nxe8 32. Rc1 Ra8 33. d4 a5 34. d5 a4 35. Rc4 a3 36. Rxb4 axb2 37. Rxb2 Ra1+ 38. Kf2 Rd1 39. Rb5 Nd6 40. Rb8+ Kh7 41. Kf3 Rxd5 42. Rd8 f5 43. g4 Rd4 44. g5 hxg5 45. fxg5 Nb5 46. Rb8 Nc3 47. Kg3 Ne4+ 48. Kf4 Kg6 49. h4 Nxg5+ 50. Kg3 Rg4+ 51. Kf2 Rxh4 0-1

[Event "*** Titled Tuesday Blitz"]
[Site "Chess.com"]
[Date "2021.02.16"]
[Round "6"]
[White "RobertoJBM"]
[Black "Tpros"]
[Result "1-0"]
[WhiteElo "2708"]
[BlackElo "2467"]
[TimeControl "180+1"]
[EndTime "11:08:49 PST"]
[Termination "RobertoJBM won on time"]

1. d4 d5 2. c4 c6 3. Nf3 Nf6 4. Nc3 a6 5. e3 g6 6. Be2 Bg7 7. O-O O-O 8. b3 Bf5 9. Bb2 Nbd7 10. Rc1 Ne4 11. b4 Ndf6 12. Qb3 Bg4 13. Rfd1 Nxc3 14. Bxc3 Ne4 15. Be1 Qd6 16. h3 Be6 17.
c5 Qc7 18. a4 f5 19. b5 f4 20. bxa6 bxa6 21. Rb1 fxe3 22. Qxe3 Qc8 23. Rb6 h6 24. Rdb1 g5 25. h4 g4 26. Ne5 Bxe5 27. dxe5 Rf7 28. Qxh6 g3 29. f3 Nf2 30. Bxf2 gxf2+ 31. Kxf2 Rh7 32.
Qg5+ Rg7 33. Qf4 Rf7 34. Qd4 Bf5 35. R1b4 Qe6 36. g4 Bxg4 37. Qxg4+ Qxg4 38. Rxg4+ Kh8 39. Rxc6 a5 40. Rh6+ Rh7 41. Rxh7+ Kxh7 42. Bb5 Rc8 43. c6 Rc7 44. e6 1-0

[Event "*** Titled Tuesday Blitz"]
[Site "Chess.com"]
[Date "2021.02.16"]
[Round "6"]
[White "DamianoLew95"]
[Black "GMKrikor"]
[Result "1-0"]
[WhiteElo "2618"]
[BlackElo "2803"]
[TimeControl "180+1"]
[EndTime "11:08:50 PST"]
[Termination "DamianoLew95 won by resignation"]

1. e4 c5 2. Nf3 d6 3. d4 cxd4 4. Qxd4 Nc6 5. Bb5 Bd7 6. Bxc6 Bxc6 7. Nc3 Nf6 8. Bg5 Qb6 9. Qxb6 axb6 10. Bxf6 gxf6 11.
Nd4 Rg8 12. g3 e6 13. f3 h5 14. a3 h4 15. Kf2 Kd7 16. Rad1 Be7 17. Rd3 Ra5 18.
g4 Re5 19. Rhd1 Kc8 20. h3 Bd7 21. b4 f5 22. exf5 exf5 23. f4 fxg4 24. fxe5 g3+ 25. Kg2 dxe5 26. Nf3 Bf5 27. Re3 f6 28. Nd5 Bd8 29.
Rc3+ Kb8 30. Ne3 Be4 31. Rc4 Bc6 32. Rd6 b5 33. Rcxc6 bxc6 34. Rxc6 Kb7 35. Rd6 Kc7 36. Rd1 Kc6 37. Nxh4 Bb6 38. Nhf5 Ra8 39. Rd3 e4 40.
Rc3+ Kd7 41. h4 Ba7 42. h5 Ke6 43. h6 Ke5 44. Rc7 Bxe3 45. Nxe3 Kf4 46. Nd5+ Ke5 47. Ne7 Rxa3 48. h7 Ra8 49. Ng6+ Kd4 50. h8=Q Rxh8 51.
Nxh8 e3 52. Kxg3 f5 53. Kf3 1-0

[Event "*** Titled Tuesday Blitz"]
[Site "Chess.com"]
[Date "2021.02.16"]
[Round "6"]
[White "AliKa2810"]
[Black "tteshan"]
[Result "0-1"]
[WhiteElo "2542"]
[BlackElo "2365"]
[TimeControl "180+1"]
[EndTime "11:08:50 PST"]
[Termination "tteshan won by resignation"]

1. d4 d5 2. c4 dxc4 3. e3 Nf6 4. Bxc4 e6 5. Nf3 a6 6. O-O b5 7. Bd3 Bb7 8. Nbd2 c5 9. e4 cxd4 10. e5 Nfd7 11. a4 Nc5 12. Ne4 Bxe4 13. Bxe4 Nxe4 14. axb5 Be7 15. Nxd4 O-O 16. Be3 Nc5 17. Qg4 Kh8 18.
Rfd1 Qc7 19. Bf4 Qb7 20. Ra3 axb5 21. Rh3 Qe4 22. Nxb5 Nc6 23. Nc3 Qf5 24. Qf3 Nxe5 25. Bxe5 Qxe5 26. Rh5 Qf6 27. Qh3 h6 28. b4 Ra3 29.
bxc5 Rxc3 30. Qg4 Rc8 31. h3 R3xc5 32. Rxc5 Rxc5 33. Qe4 Rc8 34. Qb7 Rd8 35. Rc1 Bd6 36. Qc6 Qf4 37. g3 Qe5 38. Rd1 Kh7 39. Qc2+ g6 40.
Qc6 Kg7 41. Qb7 Bc7 42. Rc1 Ba5 43. Qa6 Rd2 44. Qa7 Qb2 45. Rf1 Bb6 46. Qa4 Bxf2+ 47.
Kh1 Bxg3 48. Qe4 Rh2+ 49. Kg1 Qb6+ 0-1

[Event "*** Titled Tuesday Blitz"]
[Site "Chess.com"]
[Date "2021.02.16"]
[Round "6"]
[White "aa175"]
[Black "Alexander_Moskalenko"]
[Result "1/2-1/2"]
[WhiteElo "2612"]
[BlackElo "2759"]
[TimeControl "180+1"]
[EndTime "11:08:51 PST"]
[Termination "Game drawn by stalemate"]

1. d4 Nf6 2. Nf3 g6 3. Bf4 Bg7 4. e3 O-O 5. Be2 c5 6. O-O b6 7. c3 d5 8. Nbd2 Bb7 9. a4 Nc6 10. Ne5 Nd7 11. Nxc6 Bxc6 12. a5 e5 13. dxe5 Nxe5 14.
Nf3 Nd7 15. Qb3 Qf6 16. axb6 axb6 17. Rxa8 Rxa8 18. Rd1 Bf8 19. Bb5 c4 20. Bxc6 cxb3 21. Bxa8 Nc5 22. Bxd5 Na4 23. Be5 Qf5 24. e4 Qc8 25.
Ng5 Be7 26. Bxf7+ Kf8 27. Be6 Qc5 28. Nxh7+ Ke8 29. Nf6+ Bxf6 30. Bxf6 Qc7 31. Bxb3 Nxb2 32. Rd2 Nc4 33. Ba4+ Kf8 34. Rd8+ Kf7 35. Rd7+ Qxd7 36. Bxd7 Kxf6 37. f4 g5 38. g3 Ne3 39. e5+ Ke7 40. Bb5 gxf4 41. gxf4 Nd5 42. f5 Nxc3 43. Bc4 b5 44. f6+ Kd7 45. e6+ Ke8 46. Bd3 Nd5 47. Bxb5+ Kf8 48. f7 Nf4 49. Bd7 Nh3+ 50. Kg2 Ng5 51. Kg3 Nxf7 52. Kg4 Nd8 53. Kf5 Nxe6 54. Kf6 Nf4 55. h4 Kg8 56. Bf5 Kh8 57. Kg5 Nd5 58. Kh6 Ne7 59. Bg6 Ng8+ 60. Kg5 Ne7 61. h5 Nc6 62.
Kh6 Nd4 63. Kg5 Nf3+ 64. Kf6 Nh4 65. h6 Ng2 66. Be4 Ne3 67. Ke5 Nd1 68. Kd4 Nc3 69.
Kxc3 Kg8 70. Kd2 Kh8 71. Bg6 Kg8 72. Ke2 Kh8 73. Kf2 Kg8 74. Kg2 Kh8 75. Kh2 Kg8 76.
Kh3 Kh8 77. Kh4 Kg8 78. Kh5 Kh8 79. Kg5 Kg8 80. Kf5 Kh8 81. Ke5 Kg8 82. Kd5 Kh8 83.
Kc5 Kg8 84. Kb6 Kh8 85. Kc7 Kg8 86. Kd8 Kh8 87. Bh5 Kg8 88. Ke8 Kh8 89. Ke7 Kg8 90.
Bg4 Kh8 91. Kf6 Kg8 92. Kg6 Kh8 93. Bf5 Kg8 94. Kf6 Kh8 95. Be6 Kh7 96. Kg5 Kh8 97.
Bf5 Kg8 98. Kg6 Kh8 99. Be4 Kg8 100. Bd3 Kh8 101. Bc2 Kg8 102. Bb3+ Kh8 103. Ba4 Kg8 104. h7+ Kh8 105. Kh6 1/2-1/2

[Event "*** Titled Tuesday Blitz"]
[Site "Chess.com"]
[Date "2021.02.16"]
[Round "6"]
[White "agartha01"]
[Black "GianmarcoVaR"]
[Result "1-0"]
[WhiteElo "2454"]
[BlackElo "2647"]
[TimeControl "180+1"]
[EndTime "11:08:51 PST"]
[Termination "agartha01 won by resignation"]

1. d4 Nf6 2. Bf4 d5 3. Nf3 c5 4.
e3 Nc6 5. Nbd2 e6 6. c3 cxd4 7.
exd4 Nh5 8. Be3 Bd6 9. Bd3 Nf4 10.
Bxf4 Bxf4 11. O-O Qf6 12. Qe2 Bd7 13. Rae1 Qh6 14. g3 Bc7 15. Ne5 Nxe5 16. dxe5 Bb6 17. Nf3 Qh5 18. Nd4 Qxe2 19. Rxe2 a6 20. f4 Bb5 21.
Bxb5+ axb5 22. a3 Ra4 23. Rd1 Bxd4+ 24. Rxd4 Rc4 25. Rxc4 bxc4 26. Kf2 Kd7 27. Ke3 f6 28. Kd4 fxe5+ 29. Rxe5 g6 30. g4 Rf8 31. f5 Kd6 32.
Rxe6+ Kd7 33. Re5 gxf5 34. Rxf5 Re8 35. Rxd5+ Kc6 36. Re5 Rd8+ 37. Kxc4 Rd2 38. Rh5 Rxb2 39. Rh6+ Kc7 40. Rxh7+ Kb6 41. g5 Rg2 42. h4 Rg4+ 43.
Kb3 Kb5 44. Rxb7+ Ka6 45. Rh7 Ka5 46. Rh6 Kb5 47. g6 Rg1 48. h5 Rb1+ 49. Kc2 Rg1 50.
Rh7 Kc4 51. Rc7+ Kb5 52. g7 Kb6 53. Rf7 Rg2+ 54. Kb3 Rg3 55. h6 1-0

[Event "*** Titled Tuesday Blitz"]
[Site "Chess.com"]
[Date "2021.02.16"]
[Round "6"]
[White "noamapplesauce"]
[Black "MaevskiyNikolay"]
[Result "0-1"]
[WhiteElo "2149"]
[BlackElo "2538"]
[TimeControl "180+1"]
[EndTime "11:08:51 PST"]
[Termination "MaevskiyNikolay won on time"]

1. e4 c5 2. Nf3 Nf6 3. d3 Nc6 4. g3 g6 5. Bg2 Bg7 6. O-O O-O 7. Be3 b6 8. c3 Bb7 9. Re1 d5 10. e5 Nd7 11. Bf4 e6 12. d4 Rc8 13. Nbd2 a5 14.
Nf1 b5 15. a3 b4 16. axb4 cxb4 17. Qd2 Qb6 18. Bh6 Rfe8 19. Bxg7 Kxg7 20. h4 h6 21. h5 Ba6 22. N1h2 Qd8 23. hxg6 fxg6 24. Ng4 Rh8 25. Bh3 Nb6 26. Nf6 Nc4 27. Qf4 Qe7 28. Qg4 Nd8 29. cxb4 h5 30. Qg5 Qxb4 31. Nh4 Rh6 32.
Nxh5+ Rxh5 33. Qxg6+ Kf8 34. Qxh5 Qe7 35. Ng6+ Ke8 36.
Nxe7+ Kxe7 37. Qh7+ Nf7 38. Bg4 Rh8 39. Qg7 Bc8 40. Qf6+ Kf8 41. b3 Nd2 42. Re2 Nxb3 43. Rb1 Rh6 44. Qf4 a4 45. Ra2 Bd7 46. Bf3 Kg7 47. Kg2 Rg6 48. Rc2 Na5 49. Rc7 Be8 0-1

[Event "*** Titled Tuesday Blitz"]
[Site "Chess.com"]
[Date "2021.02.16"]
[Round "6"]
[White "ehrenfeld"]
[Black "ferdipy"]
[Result "0-1"]
[WhiteElo "2478"]
[BlackElo "2352"]
[TimeControl "180+1"]
[EndTime "11:08:51 PST"]
[Termination "ferdipy won on time"]

1. e4 e6 2. d4 d5 3. e5 c5 4. c3 Nc6 5. Nf3 Qb6 6. a3 Bd7 7. b4 cxd4 8. cxd4 Rc8 9. Be3 Nge7 10. Bd3 Ng6 11. O-O f6 12. exf6 gxf6 13. Nbd2 Bg7 14. Nb3 O-O 15. Nc5 Rcd8 16. Re1 Bc8 17. Rc1 Rde8 18.
Qc2 f5 19. Rcd1 Qc7 20. Bb5 e5 21. dxe5 Ncxe5 22. Nxe5 Rxe5 23. Qb3 Qf7 24. Nd3 Rxe3 25. fxe3 f4 26. exf4 a6 27. Ne5 Nxe5 28. fxe5 axb5 29. Qxd5 Be6 30. Qd4 Bc4 31. h3 Qe6 32. Qe3 Bd5 33.
Qd4 Bc6 34. Qe3 Qa2 35. Rd2 Qe6 36. Rf2 Re8 37. Qf4 Rf8 38. Qe3 Rxf2 39. Qxf2 Bxe5 40.
Qe2 Qd5 41. Qg4+ Bg7 42. Re7 Qd4+ 43. Qxd4 Bxd4+ 44. Kf1 Bb2 45. a4 bxa4 0-1